 Dungeon Crawl Stone Soup version 0.22-a0-618-gd6a3efe (webtiles) character file.

8925 kuniqs the Frost Mage (level 11, -7/54 HPs)
             Began as a Deep Elf Ice Elementalist on July 13, 2018.
             Was an Elder of Vehumet.
             Mangled by a troll (9 damage)
             ... on level 10 of the Dungeon.
             The game lasted 00:43:40 (14482 turns).

kuniqs the Frost Mage (Deep Elf Ice Elementalist)  Turns: 14482, Time: 00:43:41

Health: -7/54      AC:  8    Str:  5    XL:     11   Next: 16%
Magic:  20/25      EV: 17    Int: 24    God:    Vehumet [****..]
Gold:   591        SH:  0    Dex: 15    Spells: 5/27 levels left

rFire    . . .     SeeInvis .   j - +2 whip (venom)
rCold    . . .     Gourm    .   (no shield)
rNeg     . . .     Faith    .   y - +1 robe {MR+}
rPois    .         Spirit   .   E - +0 helmet
rElec    .         Reflect  .   o - +1 cloak
rCorr    .         Harm     .   (no gloves)
MR       +++..                  C - +1 pair of boots
Stlth    ++++......             B - amulet of regeneration
HPRegen  0.58/turn              x - ring of protection from magic
MPRegen  0.19/turn              (no ring)

@: no status effects
A: no striking features
a: Renounce Religion


You were on level 10 of the Dungeon.
You worshipped Vehumet.
Vehumet was greatly pleased with you.
You were not hungry.

You visited 2 branches of the dungeon, and saw 11 of its levels.

You collected 591 gold pieces.

Inventory:

Hand Weapons
 j - a +2 whip of venom (weapon)
 q - the +10 falchion of Fragile Peace {slice, *Slow rF+ MR+++ Str-3}
   (You found it on level 5 of the Dungeon)

   It inflicts extra damage upon your enemies.
   It affects your strength (-3).
   It protects you from fire.
   It affects your resistance to hostile enchantments.
   It may slow you when you take damage.
Missiles
 d - a throwing net (quivered)
 m - 229 stones
Armour
 o - a +1 cloak (worn)
 y - a +1 robe of magic resistance (worn)
 C - a +1 pair of boots (worn)
 E - a +0 helmet (worn)
Jewellery
 x - a ring of protection from magic (left hand)
 B - an amulet of regeneration (around neck)
Wands
 s - a wand of acid (9)
 u - a wand of scattershot (5)
 F - a wand of iceblast (8)
 I - a wand of digging (10)
Scrolls
 b - a scroll of amnesia
 e - 3 scrolls of fog
 h - a scroll of fear
 i - 2 scrolls of magic mapping
 k - a scroll of random uselessness {unknown}
 l - 5 scrolls of remove curse {@r2}
 n - 2 scrolls of enchant weapon
 p - a scroll of enchant armour {unknown}
 z - 2 scrolls of identify {@r1}
 A - a scroll of teleportation
 H - a scroll of blinking {unknown}
 J - a scroll of vulnerability {unknown}
Potions
 a - a potion of berserk rage
 f - 2 potions of curing {unknown}
 g - 2 potions of flight {unknown}
 r - a potion of agility {unknown}
 v - a potion of brilliance {unknown}
 w - 2 potions of haste
 D - 2 potions of heal wounds {unknown}
 G - a potion of lignification
Comestibles
 c - 12 rations


   Skills:
 + Level 7.8 Dodging
 + Level 8.6 Stealth
 + Level 8.8 Spellcasting
 + Level 6.4 Conjurations
 + Level 6.3 Summonings
 + Level 4.8 Fire Magic
 + Level 9.4 Ice Magic
 + Level 0.2 Earth Magic
 + Level 6.0 Evocations


You had 5 spell levels left.
You knew the following spells:

 Your Spells              Type           Power        Failure   Level  Hunger
a - Freeze                Ice            ####         1%          1    None
b - Throw Frost           Conj/Ice       #####.       1%          2    None
c - Summon Ice Beast      Ice/Summ       #####...     2%          4    ##.....
d - Throw Icicle          Conj/Ice       #####...     1%          4    ##.....
e - Ozocubu's Armour      Chrm/Ice       ####....     2%          3    None
f - Flame Tongue          Conj/Fire      #####        1%          1    None
g - Iskenderun's Mystic   Conj           #####...     1%          4    ##.....
h - Stone Arrow           Conj/Erth      ####..       1%          3    None

Your spell library contained the following spells:

 Spells                   Type           Power        Failure   Level  Hunger
 Lightning Bolt           Conj/Air       ####......   12%         5    ####...
 Shock                    Conj/Air       ####         1%          1    None
 Swiftness                Chrm/Air       ##......     9%          2    None
 Airstrike                Air            ##........   16%         4    ##.....
 Static Discharge         Conj/Air       ####....     1%          3    None


Dungeon Overview and Level Annotations

Branches:
Dungeon (10/15)            Temple (1/1) D:5
   Lair: D:8-11         Orc: D:9-12

Altars:
Cheibriados
Dithmenos
Elyvilon
Fedhas
Makhleb
Nemelex Xobeh
Okawaru
Qazlal
Ru
Trog
Uskayaw
Vehumet
Xom
Zin
The Shining One

Annotations:
D:2 1 runed door


Message History

Aim: a troll (steam, moderately wounded) Tha flame tongue hits tha troll.
Tha hound barks!
Tha hound barely misses ye.
A wolf comes inta view.
Tha troll be 'ngulfed in a cloud o' scaldin' steam.
Tha troll bites ye!
Tha wolf howls!
Tha troll claws ye! x2
* * * LOW HITPOINT WARNIN'
* * * Tha hound stops ta sniff tha water.
An electric eel comes inta view.
Tha hound bites ye.
* * * LOW HITPOINT WARNIN'
* * * Okay, than.
Tha hound stops ta sniff tha ground.
Tha troll completely misses ye.
Tha troll claws ye.
* * * LOW HITPOINT WARNIN'
* * * Tha troll claws ye!
Ye die...

#.....#.....
#######.....#.....
#........#..#.....
#.################
#.# .. #.# .. #.#
.. #.# .
#@#########
#hT........
#..........
##.≈...≈≈..
#nh≈.≈≈≈.≈
#..W.≈≈≈.≈
#..h≈≈≈≈.≈
#....≈≈≈.≈
#..≈;.h≈%≈


You could see a troll, a hungry ghost, a necrophage, a wolf and 2 hounds.

Vanquished Creatures
  Erolcha (D:9)
  A centaur warrior (D:10)
  An unseen horror (D:10)
  Pikel (D:4)
  An orc knight (D:9)
  A gargoyle (D:10)
  A troll (D:9)
  A vampire (D:10)
  4 wargs (D:9)
  A sky beast (D:8)
  4 orc warriors (D:9)
  A black bear (D:6)
  2 ice beasts
  An ogre (D:9)
  A necrophage (D:7)
  2 centaurs
  2 wolves
  4 bullfrogs
  3 scorpions
  2 killer bees
  An electric eel (D:7)
  2 howler monkeys (D:6)
  4 crimson imps
  A bullfrog zombie (D:7)
  2 centaur skeletons
  6 orc wizards
  2 jellies (D:6)
  4 orc priests
  A bullfrog skeleton (D:4)
  3 hounds
  4 iguanas
  7 worker ants
  A hound skeleton (D:4)
  3 gnolls (D:2)
  6 adders
  2 shadow imps
  4 adder skeletons
  4 worms
  A dart slug (D:2)
  6 leopard geckos
  52 orcs
  3 ball pythons
  10 giant cockroaches
  9 goblins
  12 hobgoblins
  3 jackals (D:5)
  2 quokkas
  6 bats
  4 frilled lizards
  6 kobolds
  2 leopard gecko skeletons (D:7)
  A quokka zombie (D:6)
  9 rats
218 creatures vanquished.

Vanquished Creatures (collateral kills)
  Erica (D:9)
  Grinder (D:6)
  A hungry ghost (D:8)
  Grum (D:9)
  10 wargs
  Duvessa (D:7)
  Edmund (D:4)
  5 orc warriors
  A sky beast (D:9)
  An eye of draining (D:9)
  2 wolves (D:9)
  5 centaurs
  4 ogres
  A big kobold (D:10)
  Dowan (D:7)
  A wyvern skeleton (D:9)
  6 killer bees
  A jelly (D:8)
  A quasit (D:7)
  4 orc priests
  3 iguanas
  An orc wizard (D:9)
  2 worker ants
  An adder (D:6)
  A shadow imp (D:8)
  25 orcs
  A jackal skeleton (D:6)
  5 kobolds (D:10)
88 creatures vanquished.

Grand Total: 306 creatures vanquished

Notes
Turn   | Place    | Note
-------+----------+-------------------------------------------
     0 | D:1      | kuniqs the Deep Elf Ice Elementalist began the quest for the Orb.
     0 | D:1      | Reached XP level 1. HP: 10/10 MP: 6/6
   201 | D:1      | Reached XP level 2. HP: 15/15 MP: 6/8
   205 | D:1      | Learned a level 2 spell: Throw Frost
   765 | D:1      | Reached XP level 3. HP: 19/19 MP: 3/9
   964 | D:1      | You fall through a shaft!
  1162 | D:2      | Reached skill level 4 in Ice Magic
  1227 | D:2      | Found a faded altar of an unknown god.
  1332 | D:2      | Reached XP level 4. HP: 23/24 MP: 0/11
  1462 | D:2      | Found a runed door.
  1468 | D:2      | Learned a level 4 spell: Summon Ice Beast
  2725 | D:3      | Reached XP level 5. HP: 28/28 MP: 7/13
  2773 | D:3      | Learned a level 4 spell: Throw Icicle
  3210 | D:4      | Reached skill level 1 in Summonings
  3333 | D:4      | Reached skill level 5 in Ice Magic
  3469 | D:4      | Reached XP level 6. HP: 32/32 MP: 7/14
  4227 | D:4      | Got a dazzling leather armour
  4228 | D:4      | Identified the +0 leather armour of the End {MR+ Int+3 Dex+3} (You found it on level 4 of the Dungeon)
  4636 | D:4      | Noticed Edmund
  4654 | D:4      | Killed Edmund
  4654 | D:4      | Reached skill level 1 in Evocations
  4654 | D:4      | Reached XP level 7. HP: 30/36 MP: 10/16
  4987 | D:4      | Noticed Pikel
  5007 | D:4      | Killed Pikel
  5007 | D:4      | Reached skill level 5 in Dodging
  5007 | D:4      | Reached skill level 5 in Stealth
  5007 | D:4      | Reached skill level 5 in Spellcasting
  5007 | D:4      | Reached skill level 6 in Ice Magic
  5007 | D:4      | Reached XP level 8. HP: 29/41 MP: 3/18
  5238 | D:5      | Entered Level 5 of the Dungeon
  5911 | D:5      | Got a bloodstained falchion
  5947 | D:5      | Found a staircase to the Ecumenical Temple.
  5948 | D:5      | Identified the +10 falchion of Fragile Peace {slice, *Slow rF+ MR+++ Str-3} (You found it on level 5 of the Dungeon)
  6067 | Temple   | Entered the Ecumenical Temple
  6080 | Temple   | Became a worshipper of Vehumet
  6273 | D:6      | Reached skill level 7 in Ice Magic
  7337 | D:6      | Learned a level 3 spell: Ozocubu's Armour
  7348 | D:6      | Reached * piety under Vehumet
  7348 | D:6      | Offered knowledge of Flame Tongue by Vehumet.
  7351 | D:6      | Learned a level 1 spell: Flame Tongue
  7406 | D:6      | Noticed Grinder
  7476 | D:6      | Killed Grinder
  7476 | D:6      | Reached XP level 9. HP: 45/45 MP: 4/20
  7708 | D:7      | Noticed Duvessa
  7712 | D:7      | Noticed Dowan
  7720 | D:7      | Killed Duvessa
  7724 | D:7      | Killed Dowan
  7757 | D:7      | Reached skill level 1 in Fire Magic
  8398 | D:7      | Reached skill level 8 in Ice Magic
  9415 | D:8      | Reached ** piety under Vehumet
  9465 | D:8      | Offered knowledge of Magic Dart by Vehumet.
 10378 | D:9      | Noticed Erica
 10378 | D:9      | Noticed Grum
 10386 | D:9      | Noticed a troll
 10487 | D:9      | Reached skill level 5 in Conjurations
 10538 | D:9      | Noticed Erolcha
 10601 | D:9      | Killed Erolcha
 10601 | D:9      | Reached skill level 5 in Summonings
 10603 | D:9      | Reached XP level 10. HP: 50/50 MP: 4/23
 10722 | D:9      | Offered knowledge of Dazzling Spray by Vehumet.
 10926 | D:9      | Found a bloodstained altar of Trog.
 10930 | D:9      | Found a sacrificial altar of Ru.
 10959 | D:9      | Found a snail-covered altar of Cheibriados.
 10959 | D:9      | Found a shadowy altar of Dithmenos.
 11013 | D:9      | Killed Erica
 11036 | D:9      | Killed Grum
 11203 | D:9      | Found a hide-covered altar of Uskayaw.
 11224 | D:9      | Reached *** piety under Vehumet
 11404 | D:9      | Reached skill level 5 in Evocations
 11691 | D:9      | Reached skill level 9 in Ice Magic
 12018 | D:9      | Noticed an orc knight
 12288 | D:9      | Offered knowledge of Iskenderun's Mystic Blast by Vehumet.
 12294 | D:9      | Learned a level 4 spell: Iskenderun's Mystic Blast
 12697 | D:9      | Found a glowing silver altar of Zin.
 12697 | D:9      | Found a glowing golden altar of the Shining One.
 12697 | D:9      | Found a white marble altar of Elyvilon.
 12776 | D:9      | Found a burning altar of Makhleb.
 12778 | D:9      | Noticed a green death
 13009 | D:9      | Killed an orc knight
 13252 | D:9      | Reached **** piety under Vehumet
 13492 | D:9      | Offered knowledge of Stone Arrow by Vehumet.
 13500 | D:9      | Learned a level 3 spell: Stone Arrow
 13620 | D:10     | Entered Level 10 of the Dungeon
 13668 | D:10     | Noticed a red ugly thing
 13741 | D:10     | Noticed a death knight
 13922 | D:10     | Killed an unseen horror
 13922 | D:10     | Reached XP level 11. HP: 40/54 MP: 2/25
 14059 | D:10     | Noticed a centaur warrior
 14092 | D:10     | Killed a centaur warrior
 14482 | D:10     | HP: 2/54 [troll (6)]
 14482 | D:10     | Mangled by a troll

Vault maps used:
D:1:      tarquinn_simple_flora_water_e, grunt_decor_one_mirror,
          minmay_pentomino_s2
D:2:      chequers_ecumenical_altar_simple, uniq_crazy_yiuf_cottage
D:3:      first_ration, grunt_decor_mini_mirrors
D:4:      kennysheep_nub, uniq_pikel, uniq_edmund
D:5:      minmay_temple_entry_glassed_door
D:6:      uniq_grinder
D:7:      nrook_pool_corridor, uniq_duvessa
D:9:      lemuel_castle_with_subvaults, good_gods_mini_temple,
          grunt_temple_overflow_open, makhleb_altar_promises_db, uniq_erolcha,
          uniq_erica, uniq_grum
D:10:     erik_lair_island, serial_shops, kennysheep_mini, the_bakery,
          ldierk_geyser, minmay_diamond_spiral
Temple:   dshaligram_water_room_temple

Skill      XL: |  1  2  3  4  5  6  7  8  9 10 11 |
---------------+----------------------------------+-----
Stealth        | 3 4 5 6 7 8 |  8.6
Dodging        | 3 4 5 6 7 |  7.8
Ice Magic      | 4 5 6 7 8 9 |  9.4
Spellcasting   | 4 5 6 7 8 |  8.8
Summonings     | 1 2 3 4 5 6 |  6.3
Conjurations   | 2 3 4 5 6 |  6.4
Evocations     | 1 2 3 4 5 6 |  6.0
Fire Magic     | 3 4 |  4.8
Earth Magic    | |  0.2

Action                   |  1- 3 |  4- 6 |  7- 9 | 10-12 || total
-------------------------+-------+-------+-------+-------++-------
Melee: Whip              |       |    28 |    56 |    23 ||   107
       War axe           |       |    25 |       |       ||    25
Throw: Throwing net      |       |       |       |     1 ||     1
 Cast: Freeze            |    22 |    51 |    55 |    27 ||   155
       Throw Frost       |    34 |    51 |    94 |    47 ||   226
       Summon Ice Beast  |       |     4 |    54 |    76 ||   134
       Flame Tongue      |       |       |    29 |    29 ||    58
       Ozocubu's Armour  |       |       |     2 |     1 ||     3
       Stone Arrow       |       |       |       |    25 ||    25
       Iskenderun's Myst |       |       |       |     8 ||     8
       Throw Icicle      |       |       |       |     3 ||     3
Evoke: Wand              |       |       |     1 |     4 ||     5
  Use: Scroll            |       |     6 |     9 |       ||    15
       Potion            |       |       |     1 |       ||     1
 Stab: Sleeping          |       |       |     1 |       ||     1
  Eat: Chunk             |     2 |     9 |    10 |    16 ||    37
       Ration            |       |     1 |     4 |       ||     5
Armor: Robe              |     1 |    10 |       |    30 ||    41
       Leather armour    |       |    10 |    26 |       ||    36
       Skin              |       |       |    14 |       ||    14
Dodge: Dodged            |     8 |    60 |   111 |    82 ||   261

Table legend:
 A = Spawn XP
 B = Non-spawn XP
 C = Spawn XP percentage of total XP
 D = Spawn monster count
 E = Non-spawn monster count
 F = Spawn count percentage of total count
 G = Total turns spent on level
                    A         B        C        D         E        F      G
               +---------+---------+-------+---------+---------+-------+---------
         Total |       0 |   12750 |   0.0 |       0 |     306 |   0.0 | 14482
               +---------+---------+-------+---------+---------+-------+---------
           D:1 |       0 |      49 |   0.0 |       0 |      28 |   0.0 |  1190
           D:2 |       0 |      87 |   0.0 |       0 |      22 |   0.0 |  1009
           D:3 |       0 |      68 |   0.0 |       0 |      18 |   0.0 |  1050
           D:4 |       0 |    1292 |   0.0 |       0 |      35 |   0.0 |  1989
           D:5 |       0 |     376 |   0.0 |       0 |      17 |   0.0 |   973
           D:6 |       0 |    1213 |   0.0 |       0 |      34 |   0.0 |  1852
           D:7 |       0 |    1039 |   0.0 |       0 |      28 |   0.0 |  1292
           D:8 |       0 |     742 |   0.0 |       0 |      19 |   0.0 |  1275
           D:9 |       0 |    5235 |   0.0 |       0 |      85 |   0.0 |  3101
          D:10 |       0 |    2649 |   0.0 |       0 |      20 |   0.0 |   728
               +---------+---------+-------+---------+---------+-------+---------
